 Dungeon Crawl Stone Soup version 0.23.1-37-gaa34b87 (webtiles) character file.

Game seed: 13142877909245774040

383 Borgoz the Skirmisher (level 6, 0/52 (53) HPs)
             Began as a Ghoul Monk on Mar 22, 2019.
             Slain by Duvessa
             ... wielding a +0 short sword
              (5 damage)
             ... on level 4 of the Dungeon.
             The game lasted 00:07:19 (3790 turns).

Borgoz the Skirmisher (Ghoul Monk)                  Turns: 3790, Time: 00:07:20

HP:   0/52 (53)     AC:  9    Str: 15    XL:     6   Next: 76%
MP:   5/5           EV: 12    Int:  7    God:
Gold: 193           SH:  0    Dex: 11    Spells: 5/5 levels left

rFire    . . .     SeeInvis .   k - +1 dagger (venom)
rCold    + . .     Gourm    .   (no shield)
rNeg     + + +     Faith    .   d - +0 ring mail
rPois    ∞         Spirit   .   r - +1 helmet
rElec    .         Reflect  .   (no cloak)
rCorr    .         Harm     .   (no gloves)
MR       .....                  n - +0 pair of boots
Stlth    +.........             (no amulet)
HPRegen  0.00/turn              (no ring)
MPRegen  0.09/turn              (no ring)

@: rotting
A: rotting body, claws 1, carnivore, cold resistance 1, negative energy
resistance 3, inhibited regeneration, torment resistance, unbreathing
a: no special abilities


You were on level 4 of the Dungeon.
You were not hungry.

You visited 1 branch of the dungeon, and saw 4 of its levels.

You collected 193 gold pieces.

Inventory:

Hand Weapons
 k - a +1 dagger of venom (weapon)
Armour
 d - a +0 ring mail (worn)
 n - a +0 pair of boots (worn)
 r - a +1 helmet (worn)
Scrolls
 e - 3 scrolls of enchant weapon {unknown}
 g - 3 scrolls of teleportation {unknown}
 h - 2 scrolls of remove curse {unknown}
 i - a scroll of fog {unknown}
 j - a scroll of amnesia {unknown}
 l - 2 scrolls of magic mapping {unknown}
 m - 3 scrolls of identify {unknown}
 p - 2 scrolls of immolation {unknown}
 s - a scroll of enchant armour {unknown}
Potions
 a - a potion of ambrosia {unknown}
 b - a potion of magic
 q - 2 potions of curing {unknown}
 t - a potion of berserk rage {unknown}
 u - a potion of heal wounds {unknown}
Comestibles
 c - 4 rations


   Skills:
 + Level 4.4 Fighting
 * Level 4.4 Short Blades
 * Level 3.2 Armour
 + Level 3.5 Dodging
 - Level 2.5 Stealth


You had 5 spell levels left.
You didn't know any spells.
Your spell library was empty.

Dungeon Overview and Level Annotations

Branches:
Dungeon (4/15)
 Temple: D:4-7

Altars:
Fedhas
Vehumet
Xom
Zin

Annotations:
D:4 Dowan, Duvessa


Innate Abilities, Weirdness & Mutations

Your body is rotting away.
You thrive on raw meat.
You are immune to poison.
You have sharp fingernails.
You are carnivorous and can eat meat at any time.
Your flesh is cold resistant. (rC+)
You are immune to negative energy. (rN+++)
You do not regenerate when monsters are visible.
You are immune to unholy pain and torment.
You can survive without breathing.


Message History

You are too injured to fight recklessly!
You are too injured to fight recklessly!
You hit Duvessa but do no damage.
Duvessa looks as sick as possible!
Duvessa is heavily wounded.
Duvessa hits you with a +0 short sword.
You hit Duvessa.
Duvessa looks as sick as possible!
Duvessa is severely wounded.
Dowan casts a spell at you. The puff of flame hits you!
* * * LOW HITPOINT WARNING * * *
Duvessa hits you with a +0 short sword.
* * * LOW HITPOINT WARNING * * *
Okay, then.
Okay, then.
It was a potion of magic.
Magic courses through your body. Duvessa hits you but does no damage.
Dowan closely misses you.
It was a potion of lignification.
You feel woody for a moment. Duvessa closely misses you.
Dowan barely misses you. Duvessa hits you with a +0 short sword.
You die...

#......#..........
####......########..
####....><#........
..........#
.........#... ..
..........#
.....#....#.#.#..
..........#
....#..........#
........###
#...#.....#.#..#
........#
#ee.#..........
........# #.@.#.#
...#.# .....#.##
#.....# #.†..#
##...#.# # #.....#
#....## .....# .
#.#.....###.....###
...###..
#.#................
.........
#.#####....######## #
...####....
#.....#..............
.....##...
#####.#....##########
.#....... ....
.#....# #......


You could see Duvessa and Dowan.

Vanquished Creatures
  A howler monkey (D:4)
  A hound (D:4)
  A bullfrog skeleton (D:4)
  3 orc wizards
  An iguana (D:4)
  7 adders
  An ooze (D:1)
  3 worms
  2 dart slugs
  3 leopard geckos (D:1)
  10 orcs
  3 ball pythons
  7 bats
  4 giant cockroaches
  6 goblins
  8 hobgoblins
  7 jackals
  2 frilled lizards (D:2)
  15 kobolds
  6 rats
91 creatures vanquished.

Notes
Turn   | Place    | Note
-------+----------+-------------------------------------------
     0 | D:1      | Borgoz the Ghoul Monk began the quest for the Orb.
     0 | D:1      | Reached XP level 1. HP: 19/19 MP: 0/0
   356 | D:1      | Reached XP level 2. HP: 19/25 MP: 1/1
   602 | D:1      | Reached skill level 1 in Armour
   662 | D:1      | Reached XP level 3. HP: 29/31 MP: 2/2
  1455 | D:2      | Reached XP level 4. HP: 27/40 MP: 3/3
  1512 | D:2      | Found a radiant altar of Vehumet.
  1575 | D:2      | Found a glowing silver altar of Zin.
  2208 | D:3      | Reached XP level 5. HP: 34/46 MP: 4/4
  2280 | D:2      | Found a blossoming altar of Fedhas.
  2280 | D:2      | Found a shimmering altar of Xom.
  2999 | D:4      | Reached XP level 6. HP: 20/52 MP: 5/5
  3769 | D:4      | Noticed Duvessa
  3770 | D:4      | Noticed Dowan
  3790 | D:4      | Slain by Duvessa

Skill      XL: |  1  2  3  4  5  6 |
---------------+-------------------+-----
Armour         | 1 2 3 |  3.2
Short Blades   | 3 4 |  4.4
Dodging        | 3 |  3.5
Fighting       | 4 |  4.4
Stealth        | |  2.5

Action                   |  1- 3 |  4- 6 || total
-------------------------+-------+-------++-------
Melee: Short sword       |   193 |   307 ||   500
       Dagger            |       |    46 ||    46
  Use: Potion            |       |     2 ||     2
 Stab: Sleeping          |       |     2 ||     2
  Eat: Chunk             |     8 |    16 ||    24
Armor: Ring mail         |    80 |   128 ||   208
Dodge: Dodged            |   144 |   155 ||   299
